 Dungeon Crawl Stone Soup version 0.25-a0-890-g62861fb195 (webtiles) character file.

Game seed: 5963351399418746547, levelgen mode: classic

12901 Amnesiac the Frost Mage (level 11, 0/61 HPs)
             Began as a Deep Elf Ice Elementalist on May 2, 2020.
             Was a Follower of Vehumet.
             Slain by an orc warrior
             ... wielding a +0 scimitar
             ... led by an orc knight
              (37 damage)
             ... on level 1 of the Orcish Mines on May 3, 2020.
             The game lasted 00:31:24 (10956 turns).

Amnesiac the Frost Mage (DEIE)                     Turns: 10956, Time: 00:31:25

Health: 0/61       AC:  8    Str:  4 (5)  XL:     11   Next: 68%
Magic:  23/29      EV: 14    Int: 29      God:    Vehumet [*.....]
Gold:   691        SH:  0    Dex: 13 (15) Spells: 15/35 levels left

rFire    + . .     SeeInvis .   a - +6 hunting sling
rCold    + + .     Gourm    .   (no shield)
rNeg     . . .     Faith    .   K - +1 robe {rC+ rF+}
rPois    .         Spirit   .   e - +2 helmet {Int+3}
rElec    .         Reflect  .   w - +0 cloak {+Inv}
rCorr    .         Harm     +   (no gloves)
MR       +....                  N - +0 pair of boots
Stlth    ++........             C - amulet of harm
HPRegen  0.20/turn              A - +4 ring of intelligence
MPRegen  0.21/turn              B - ring of protection from cold

@: frozen ramparts
A: dopey 1
a: Renounce Religion, Evoke Invisibility


You were on level 1 of the Orcish Mines.
You worshipped Vehumet.
Vehumet was aware of your devotion.
You were hungry.

You visited 3 branches of the dungeon, and saw 12 of its levels.
You also visited: Sewer.

You collected 691 gold pieces.

Inventory:

Hand Weapons
 a - a +6 hunting sling (weapon)
 b - the +4 glaive of Dishonour {venom, MR+ Int+3 Stlth+}
   (You found it on level 8 of the Dungeon)

   It poisons the flesh of those it strikes.
   It affects your intelligence (+3).
   It affects your resistance to hostile enchantments.
   It makes you more stealthy.
Missiles
 k - 50 poisoned darts
 t - 446 stones (quivered)
 Y - 25 sling bullets
Armour
 e - a +2 helmet of intelligence (worn)
 o - the +1 ring mail "Idaopaef" {*Contam rPois Str+6}
   (You found it on level 10 of the Dungeon)

   It affects your strength (+6).
   It protects you from poison.
   It causes magical contamination when unequipped.
 r - the +4 ring mail "Dechaepta" {rF++ Str+3}
   (You found it on level 10 of the Dungeon)

   It affects your strength (+3).
   It greatly protects you from fire.
 s - a +2 leather armour of magic resistance
 u - the +3 ring mail of Somewhere Else {+Fly rN+ rCorr}
   (You found it on level 10 of the Dungeon)

   It protects you from negative energy.
   It lets you fly.
   It provides partial protection from all sources of acid and corrosion.
 w - a +0 cloak of invisibility (worn)
 K - a +1 robe of resistance (worn)
 N - a +0 pair of boots (worn)
 Z - +0 steam dragon scales
Jewellery
 A - a +4 ring of intelligence (left hand)
 B - a ring of protection from cold (right hand)
 C - an amulet of harm (around neck)
 S - an uncursed ring of fire
 T - an uncursed ring of fire
Wands
 y - a wand of disintegration (35)
 z - a wand of paralysis (8)
 E - a wand of digging (9)
 H - a wand of flame (20)
 R - a wand of acid (11)
Scrolls
 f - 2 scrolls of teleportation {!r}
 g - a scroll of blinking {!r}
 q - a scroll of magic mapping {!r}
 v - 4 scrolls of fog {!r}
 F - 5 scrolls of remove curse {!r}
 I - a scroll of identify {!r}
 Q - 2 scrolls of enchant armour {!r}
Potions
 h - 3 potions of brilliance {!q}
 i - 2 potions of mutation {!q}
 j - 13 potions of curing {!q}
 l - a potion of berserk rage {!q}
 m - 4 potions of heal wounds {!q}
 n - a potion of might {!q}
 p - 5 potions of flight {!q}
 x - 2 potions of ambrosia {!q}
 D - 2 potions of resistance {!q}
 M - a potion of magic {!q}
 O - a potion of haste {!q}
Miscellaneous
 G - a phantom mirror
Comestibles
 c - 20 rations
 J - 2 chunks of flesh


   Skills:
 - Level 4.0 Fighting
 - Level 4.0 Dodging
 - Level 4.0 Stealth
   Level 4.0 Shields
 + Level 12.5 Spellcasting
 * Level 14.8 Ice Magic
 - Level 4.0 Evocations


You had 15 spell levels left.
You knew the following spells:

 Your Spells              Type           Power        Failure   Level  Hunger
a - Freeze                Ice            ####         0%          1    None
b - Frozen Ramparts       Ice            ######       1%          3    None
c - Summon Ice Beast      Ice/Summ       ######..     1%          4    None
d - Summon Lightning Spi  Summ/Air       ###.....     28%         4    None
e - Metabolic Englaciati  Hex/Ice        ######....   3%          5    ##.....
z - Ozocubu's Armour      Chrm/Ice       ######..     1%          3    None

Your spell library contained the following spells:

 Spells                   Type           Power        Failure   Level  Hunger
 Shock                    Conj/Air       ###.         3%          1    None
 Hailstorm                Conj/Ice       ######..     1%          4    None
 Animate Skeleton         Necr           N/A          3%          1    None
 Apportation              Tloc           ###...       3%          1    None
 Corona                   Hex            ###....      3%          1    None
 Summon Small Mammal      Summ           ###.         3%          1    None
 Call Imp                 Summ           ###.....     4%          2    None
 Call Canine Familiar     Summ           ###.....     9%          3    None
 Confusing Touch          Hex            ###.....     9%          3    None
 Gell's Gravitas          Tloc           ###.......   9%          3    None
 Summon Guardian Golem    Hex/Summ       ###.....     9%          3    None
 Petrify                  Tmut/Erth      ###.....     28%         4    None
 Yara's Violent Unravell  Hex/Tmut       ###.......   63%         5    ##.....


Dungeon Overview and Level Annotations

Branches:
Dungeon (10/15)            Temple (1/1) D:4            Lair (0/6) D:10
    Orc (1/2) D:10          Sewer (visited)

Altars:
Ashenzari
Cheibriados
Dithmenos
Elyvilon
Fedhas
Gozag
Hepliaklqana
Kikubaaqudgha
Makhleb
Nemelex Xobeh
Okawaru
Qazlal
Ru
Sif Muna
Trog
Uskayaw
Vehumet
Wu Jian
Xom
Yredelemnul
Zin
The Shining One

Shops:
D:10 }   Orc:1 [

Annotations:
D:8 exclusion: wight


Innate Abilities, Weirdness & Mutations

You are dopey. (Int -2)


Message History

You hear a shout!
Casting: Frozen Ramparts (safe; 1% risk of failure)
Confirm with . or Enter, or press ? or * to list all spells.
You can't see any susceptible monsters within range! (Use Z to cast anyway.)
The wall freezes the orc knight!
The wall freezes the orc knight.
The orc knight roars a battlecry!
Casting: Frozen Ramparts (safe; 1% risk of failure)
Confirm with . or Enter, or press ? or * to list all spells.
You can't see any susceptible monsters within range! (Use Z to cast anyway.)
The wall freezes the orc knight.
The wall freezes the orc!
You kill the orc!
Vehumet accepts your kill.
Casting: Frozen Ramparts (safe; 1% risk of failure)
Confirm with . or Enter, or press ? or * to list all spells.
Aiming: Freeze (safe; 0% risk of failure)
Press: ? - help, Shift-Dir - straight line, f - orc knight
Aim: an orc knight, wielding a +0 long sword and wearing a +0 chain mail (severely wounded)
You freeze the orc knight.
The orc knight is severely wounded.
The wall freezes the orc knight!
The orc knight hits you with a +0 long sword.
The wall freezes the orc warrior.
Casting: Freeze (safe; 0% risk of failure)
Confirm with . or Enter, or press ? or * to list all spells.
Aiming: Freeze (safe; 0% risk of failure)
Press: ? - help, Shift-Dir - straight line, f/p - orc knight
Aim: an orc knight, wielding a +0 long sword and wearing a +0 chain mail (almost dead)
You freeze the orc knight.
The orc knight is almost dead.
The wall freezes the orc knight!
You kill the orc knight!
Vehumet accepts your kill.
You feel your intelligence returning.
The wall freezes the orc warrior!
Casting: Freeze (safe; 0% risk of failure)
Confirm with . or Enter, or press ? or * to list all spells.
Aiming: Freeze (safe; 0% risk of failure)
Press: ? - help, Shift-Dir - straight line, f - orc warrior
Aim: an orc warrior, wielding a +0 flail and wearing a +0 chain mail (heavily wounded, unusually strong)
You freeze the orc warrior.
The orc warrior is severely wounded.
The wall freezes the orc warrior. x2
The orc warrior hits you with a +0 flail!
Casting: Freeze (safe; 0% risk of failure)
Confirm with . or Enter, or press ? or * to list all spells.
Aiming: Freeze (safe; 0% risk of failure)
Press: ? - help, Shift-Dir - straight line, f/p - orc warrior
Aim: an orc warrior, wielding a +0 flail and wearing a +0 chain mail (almost dead, unusually strong)
You freeze the orc warrior.
You kill the orc warrior!
Vehumet accepts your kill.
The wall freezes the orc warrior.
Casting: Freeze (safe; 0% risk of failure)
Confirm with . or Enter, or press ? or * to list all spells.
Aiming: Freeze (safe; 0% risk of failure)
Press: ? - help, Shift-Dir - straight line, f - orc warrior
Aim: an orc warrior, wielding a +0 scimitar and wearing a +0 plate armour (lightly wounded, unusually strong)
You freeze the orc warrior!
The orc warrior is severely wounded.
The wall freezes the orc warrior!
The orc warrior hits you with a +0 scimitar!!
Ouch! That really hurt!
You die...

.#.# #.o.....#
....##....$#.# ### .
.....#....(.. ####.##
......#$....(# ##.#...#
...........(# #.....##
........).## ##.#.##
....#..## #...##
###.##.#######...#####
#....o..#[##.@...)...##
##.###.(o..#o....<.)..#
###
#....†.......)#)#####.##
##.#.o.∩.∩........#....#
##...................##
##....∩.∩.##....##.###
#..#...#.##......###
####....#......###
###..........#


You could see an orc warrior and an orc.

Vanquished Creatures
  2 two-headed ogres (D:8)
  2 fire crabs (D:10)
  An orc knight (Orc:1)
  Pikel (D:5)
  An ugly thing (D:9)
  An orc sorcerer (Orc:1)
  An elephant (D:10)
  Maggie (D:9)
  Prince Ribbit (D:7)
  Sigmund (D:2)
  2 hippogriffs
  A fire elemental (D:10)
  3 fire bats (D:10)
  A wyvern (D:10)
  A basilisk (D:10)
  8 yaks
  Eustachio (D:4)
  A warg (Orc:1)
  A water moccasin (D:9)
  A hell hound (D:10)
  3 orc warriors
  3 sky beasts
  2 ice beasts
  A necrophage (D:9)
  4 slaves (D:5)
  4 ogres
  2 phantoms
  4 centaurs
  A crocodile (D:10)
  Blork the orc (D:4)
  3 big kobolds
  6 bullfrogs
  A gnoll sergeant (D:9)
  2 scorpions
  The ghost of sixsigma the Magician, a weakling GnWz (D:4)
  7 howler monkeys
  6 hounds
  2 bullfrog zombies
  3 centaur zombies
  2 crimson imps
  4 jellies
  Crazy Yiuf (D:2)
  6 orc priests
  13 orc wizards
  A bullfrog skeleton (D:7)
  2 centaur skeletons
  Natasha (thrice) (D:2)
  5 iguanas
  3 worker ants
  A hound zombie (D:6)
  A hound skeleton (D:7)
  Robin (D:2)
  18 adders
  8 gnolls
  2 shadow imps (D:10)
  2 oozes
  3 adder skeletons
  2 worms
  4 dart slugs
  7 leopard geckos
  50 orcs
  3 ball pythons
  11 bats
  5 giant cockroaches
  14 goblins
  7 hobgoblins
  6 jackals
  3 quokkas
  5 frilled lizards
  A jackal skeleton (D:4)
  21 kobolds
  6 rats
  A fungus (D:2)
310 creatures vanquished.

Vanquished Creatures (others)
  3 fungi (D:4)
  A plant (D:4)
4 creatures vanquished.

Grand Total: 314 creatures vanquished

Notes
Turn   | Place    | Note
-------+----------+-------------------------------------------
     0 | D:1      | Amnesiac the Deep Elf Ice Elementalist began the quest for
                  | the Orb.
     0 | D:1      | Reached XP level 1. HP: 10/10 MP: 6/6
   198 | D:3      | Reached XP level 2. HP: 15/15 MP: 5/8
   308 | D:5      | Entered Level 5 of the Dungeon
   326 | D:4      | Reached skill level 5 in Ice Magic
   326 | D:4      | Reached XP level 3. HP: 19/19 MP: 8/10
   331 | D:4      | Learned a level 3 spell: Frozen Ramparts
   335 | D:4      | Learned a level 3 spell: Ozocubu's Armour
   398 | D:4      | Found a staircase to the Ecumenical Temple.
   418 | Temple   | Entered the Ecumenical Temple
   635 | D:4      | Noticed Eustachio
   653 | D:4      | Reached XP level 4. HP: 17/24 MP: 7/11
   749 | D:4      | Killed Eustachio
   749 | D:4      | Reached skill level 1 in Fighting
   749 | D:4      | Reached skill level 6 in Ice Magic
   749 | D:4      | Reached XP level 5. HP: 16/29 MP: 3/14
   785 | D:4      | Found a glowing drain.
   800 | Sewer    | Entered a sewer
   907 | Sewer    | Reached skill level 5 in Spellcasting
   907 | Sewer    | Reached XP level 6. HP: 17/34 MP: 7/15
  1109 | D:4      | Reached skill level 7 in Ice Magic
  1208 | D:4      | Noticed Blork the orc
  1219 | D:4      | Killed Blork the orc
  1375 | D:4      | Found a runed translucent gate.
  1380 | D:4      | Found a runed translucent gate.
  1381 | D:4      | Found a runed translucent gate.
  1388 | D:4      | Noticed sixsigma's ghost (weakling GnWz)
  1408 | D:4      | Reached XP level 7. HP: 38/40 MP: 15/17
  2090 | D:4      | Killed sixsigma's ghost
  2093 | D:4      | Reached skill level 8 in Ice Magic
  2603 | D:5      | Noticed Pikel
  2642 | D:5      | Killed Pikel
  2642 | D:5      | Reached skill level 9 in Ice Magic
  2642 | D:5      | Reached XP level 8. HP: 46/46 MP: 14/21
  3320 | D:2      | Noticed Sigmund
  3330 | D:2      | Killed Sigmund
  3330 | D:2      | Reached skill level 10 in Ice Magic
  3341 | D:2      | Noticed Robin
  3347 | D:2      | Killed Robin
  3690 | D:2      | Found a snail-covered altar of Cheibriados.
  3696 | D:2      | Noticed Natasha
  3708 | D:2      | Killed Natasha
  3725 | D:2      | Noticed Natasha
  3731 | D:2      | Killed Natasha
  3764 | D:2      | Found a runed translucent door.
  3765 | D:2      | Noticed Crazy Yiuf
  3772 | D:2      | Killed Crazy Yiuf
  3798 | D:2      | Noticed Natasha
  3805 | D:2      | Killed Natasha
  3910 | D:2      | Reached skill level 1 in Shields
  4809 | D:6      | Reached XP level 9. HP: 50/50 MP: 18/23
  4899 | D:6      | You fall into a shaft and drop 1 floor!
  5044 | D:7      | Reached skill level 11 in Ice Magic
  5095 | D:7      | Noticed Prince Ribbit
  5104 | D:7      | Killed Prince Ribbit
  5323 | D:7      | Found a shimmering altar of Xom.
  5334 | D:7      | Found a burning altar of Makhleb.
  5340 | D:7      | Found a shimmering blue altar of Sif Muna.
  5610 | D:7      | Found a glowing golden altar of the Shining One.
  5898 | D:6      | Found a sparkling altar of Nemelex Xobeh.
  5983 | D:6      | Reached skill level 1 in Evocations
  6577 | D:8      | Reached XP level 10. HP: 24/56 MP: 20/25
  6623 | D:8      | Noticed a two-headed ogre
  6648 | D:8      | Killed a two-headed ogre
  6648 | D:8      | Reached skill level 10 in Spellcasting
  6648 | D:8      | Reached skill level 12 in Ice Magic
  6935 | D:8      | Found a shattered altar of Ashenzari.
  7112 | D:8      | Got a crude glaive
  7137 | D:8      | Noticed a two-headed ogre
  7144 | D:8      | Killed a two-headed ogre
  7693 | D:9      | Found a radiant altar of Vehumet.
  7698 | D:9      | Became a worshipper of Vehumet
  7732 | D:9      | Noticed Maggie
  7745 | D:9      | Learned a level 4 spell: Summon Ice Beast
  7754 | D:9      | Killed Maggie
  7851 | D:9      | Noticed a red ugly thing
  7864 | D:9      | Killed a red ugly thing
  7864 | D:9      | Reached skill level 13 in Ice Magic
  9149 | D:10     | Entered Level 10 of the Dungeon
  9162 | D:10     | Reached XP level 11. HP: 34/61 MP: 16/28
  9199 | D:10     | Identified the +4 glaive of Dishonour {venom, MR+ Int+3
                  | Stlth+} (You found it on level 8 of the Dungeon)
  9250 | D:10     | Found a transporter.
  9374 | D:10     | Found Ulacis's Gadget Boutique.
  9474 | D:10     | Reached * piety under Vehumet
  9474 | D:10     | Offered knowledge of Shock by Vehumet.
  9557 | D:10     | Got a pitted ring mail
  9568 | D:10     | Noticed a fire crab
  9568 | D:10     | Noticed a fire crab
  9587 | D:10     | Got a faintly humming ring mail
  9605 | D:10     | Got a spiked ring mail
  9718 | D:10     | Learned a level 4 spell: Summon Lightning Spire
  9736 | D:10     | Identified the +1 ring mail "Idaopaef" {*Contam rPois
                  | Str+6} (You found it on level 10 of the Dungeon)
  9746 | D:10     | Identified the +4 ring mail "Dechaepta" {rF++ Str+3} (You
                  | found it on level 10 of the Dungeon)
  9756 | D:10     | Identified the +3 ring mail of Somewhere Else {+Fly rN+
                  | rCorr} (You found it on level 10 of the Dungeon)
  9771 | D:10     | Gained mutation: You are dopey. (Int -2) [mutagenic glow]
  9828 | D:10     | Found a staircase to the Lair.
  9844 | D:10     | Found a staircase to the Orcish Mines.
 10008 | D:10     | Found a transporter.
 10085 | D:10     | Learned a level 5 spell: Metabolic Englaciation
 10336 | D:10     | Reached skill level 14 in Ice Magic
 10340 | D:10     | Killed a fire crab
 10348 | D:10     | Killed a fire crab
 10592 | Orc:1    | Entered Level 1 of the Orcish Mines
 10592 | Orc:1    | Found Yhunul's Armour Emporium.
 10903 | Orc:1    | Noticed an orc sorcerer
 10919 | Orc:1    | Killed an orc sorcerer
 10942 | Orc:1    | Noticed an orc knight
 10953 | Orc:1    | Killed an orc knight
 10956 | Orc:1    | Slain by an orc warrior

Levels and vault maps discovered:
D:1:      lightli_iron_boxes, layout_basic
D:2:      layout_loops_ring, lemuel_altar_in_water, uniq_sigmund, uniq_robin,
          uniq_crazy_yiuf_cottage, uniq_natasha
D:3:      layout_rooms, serial_bayou_pond_c, kennysheep_generic_room_4
D:4:      cheibrodos_pilgrimage, layout_layer_cave, temple_pool_b,
          gammafunk_ghost_nasty_kobolds, portal_sewer_entry_f, uniq_eustachio,
          uniq_blork_the_orc
D:5:      layout_basic, first_ration, uniq_pikel
D:6:      layout_cave_pools, nemelex_xobeh_ov_fountains_minmay
D:7:      layout_basic, grunt_temple_overflow_open, tso_altar,
          chequers_serial_rivers_micro_d, uniq_prince_ribbit1
D:8:      layout_basic, cheibrodos_ashenzari_chains
D:9:      layout_loops_ring, vehumet_crystals, uniq_maggie
D:10:     gammafunk_cloud_chamber, layout_irregular_city, david_lair_generic,
          orc_0_dummy, serial_shops, shop_fountains
Temple:   regret_index_temple_generic_petals
Orc:1:    layout_diamond_mine, serial_shops,
          nicolae_shop_competitors_out_of_business, shop

Skill      XL: |  1  2  3  4  5  6  7  8  9 10 11 |
---------------+----------------------------------+-----
Stealth        | 3 4 |  4.0
Ice Magic      | 5 6 7 9 10 11 13 14 | 14.8
Dodging        | 3 4 |  4.0
Spellcasting   | 4 5 7 8 9 11 12 | 12.5
Fighting       | 1 2 3 4 |  4.0
Shields        | 1 3 4 |  4.0
Evocations     | 1 4 |  4.0

Action                   |  1- 3 |  4- 6 |  7- 9 | 10-12 || total
-------------------------+-------+-------+-------+-------++-------
Melee: Hand axe          |     6 |     7 |       |       ||    13
       Hand crossbow     |       |     1 |       |       ||     1
       Whip              |       |       |    78 |    40 ||   118
       Glaive            |       |       |       |     7 ||     7
 Fire: Hand crossbow     |       |    30 |    72 |       ||   102
       Hunting sling     |       |       |    19 |    69 ||    88
Throw: Dart              |       |       |    18 |     7 ||    25
 Cast: Freeze            |    19 |    37 |    97 |    61 ||   214
       Frozen Ramparts   |     1 |     8 |    37 |    48 ||    94
       Ozocubu's Armour  |       |       |     3 |     3 ||     6
       Summon Ice Beast  |       |       |       |     6 ||     6
Evoke: Wand              |       |       |       |     3 ||     3
  Use: Scroll            |     4 |       |       |    18 ||    22
       Potion            |       |       |       |    12 ||    12
 Stab: Sleeping          |     1 |       |       |     4 ||     5
  Eat: Chunk             |     8 |       |    16 |    12 ||    36
Armor: Robe              |     1 |    11 |    39 |    35 ||    86
       Ring mail         |       |       |       |    26 ||    26
Dodge: Dodged            |    14 |    41 |   123 |    99 ||   277
Block: Other             |     2 |     8 |     5 |       ||    15
       Reflection        |       |     1 |       |       ||     1

Table legend:
 A = Non-vault XP
 B = Vault XP
 C = Vault XP percentage of total XP
 D = Non-vault monster count
 E = Vault monster count
 F = Vault count percentage of total count
                 A         B        C        D         E       F
            +---------+---------+-------+---------+---------+-------
      Total |   12550 |    5881 |  31.9 |     231 |      74 |  24.3
            +---------+---------+-------+---------+---------+-------
        D:1 |      16 |       0 |   0.0 |      11 |       0 |   0.0
        D:2 |     202 |     349 |  63.3 |      12 |      14 |  53.8
        D:3 |      90 |       3 |   3.2 |      19 |       1 |   5.0
        D:4 |     346 |     518 |  60.0 |      23 |      21 |  47.7
        D:5 |     321 |     651 |  67.0 |      13 |       1 |   7.1
        D:6 |     662 |       0 |   0.0 |      22 |       0 |   0.0
        D:7 |    1775 |     268 |  13.1 |      32 |       1 |   3.0
        D:8 |    2662 |       0 |   0.0 |      27 |       0 |   0.0
        D:9 |    2153 |     347 |  13.9 |      37 |       1 |   2.6
       D:10 |    2399 |    3513 |  59.4 |      21 |      11 |  34.4
      Orc:1 |    1924 |       0 |   0.0 |      14 |       0 |   0.0
      Sewer |       0 |     232 | 100.0 |       0 |      24 | 100.0
            +---------+---------+-------+---------+---------+-------
